 Dungeon Crawl Stone Soup version 0.29-a0-542-g075992c915 (webtiles) character file.

Game seed: 3877125236725802190

140 ZappyNine the Grave Robber (level 5, 0/28 HPs)
             Began as a Deep Elf Necromancer on June 3, 2022.
             Slain by a water moccasin (8 damage)
             ... on level 3 of the Dungeon.
             The game lasted 00:06:51 (3487 turns).

ZappyNine the Grave Robber (Deep Elf Necromancer)   Turns: 3487, Time: 00:06:51

Health: 0/28       AC:  2    Str:  5    XL:     5   Next: 2%
Magic:  1/14       EV: 12    Int: 22    God:
Gold:   104        SH:  0    Dex: 15    Spells: 10/14 levels left

rFire   + . .      SeeInvis +   i - +0 dagger
rCold   + . .      Faith    .   (no shield)
rNeg    . . .      Spirit   .   a - +0 robe
rPois   +          Reflect  .   (no helmet)
rElec   +          Harm     .   (no cloak)
rCorr   +          Rampage  .   (no gloves)
Will    .....                   (no boots)
Stlth   ++........              (no amulet)
HPRegen 0.09/turn               f - ring of see invisible
MPRegen 0.14/turn               c - ring of resist corrosion

@: lethally poisoned (0 -> -4), resistant
A: no striking features
a: no special abilities


You were on level 3 of the Dungeon.
You visited 1 branch of the dungeon, and saw 3 of its levels.

You collected 104 gold pieces.

Inventory:

Hand Weapons
 i - a +0 dagger (weapon)
Armour
 a - a +0 robe (worn)
 h - a +0 helmet
Jewellery
 c - a ring of resist corrosion (right hand)
 f - a ring of see invisible (left hand)
Wands
 q - a wand of flame (5)
Scrolls
 d - a scroll of enchant weapon {unknown}
 j - a scroll of blinking {unknown}
 k - a scroll of noise {unknown}
 l - a scroll of immolation {unknown}
 m - a scroll of poison {unknown}
 n - a scroll of teleportation {unknown}
 r - a scroll of identify
Potions
 b - a potion of magic
 e - a potion of resistance
 g - a potion of haste
 o - a potion of curing
 p - a potion of lignification


   Skills:
 - Level 2.4 Dodging
 - Level 2.4 Stealth
 + Level 5.4 Spellcasting
 + Level 6.4 Necromancy


You had 10 spell levels left.
You knew the following spells:

 Your Spells              Type           Power      Damage    Failure   Level
a - Necrotize             Necr           100%       1d9       1%          1
b - Vampiric Draining     Necr           34%        2d8       1%          3

Your spell library contained the following spells:

 Spells                   Type           Power      Damage    Failure   Level
 Animate Dead             Necr           34%        N/A       7%          4
 Slow                     Hex            20%        N/A       10%         1
 Agony                    Necr           34%        N/A       19%         5
 Confusing Touch          Hex            5%         N/A       28%         3
 Dazzling Flash           Conj/Hex       10%        N/A       28%         3
 Silence                  Hex/Air        2%         N/A       95%         5


Dungeon Overview and Level Annotations

Branches:
Dungeon (3/15)

Altars:

Shops:
D:3 =

Portals:
Sewer: D:3


Message History

Casting: Necrotize (safe; 1% risk of failure)
Confirm with . or Enter, or press ? or * to list all spells.
Aiming: Necrotize (safe; 1% risk of failure)
Press: ? - help, Shift-Dir - straight line, f/p - water moccasin
Aim: a water moccasin (lightly wounded, ally target, chance to affect: 83%)
The water moccasin barely resists.
The water moccasin bites you.
You are poisoned.
The water moccasin poisons you!
Casting: Necrotize (safe; 1% risk of failure)
Confirm with . or Enter, or press ? or * to list all spells.
Aiming: Vampiric Draining (safe; 1% risk of failure)
Press: ? - help, Shift-Dir - straight line, f/p - water moccasin
Aim: a water moccasin (lightly wounded, ally target)
You draw life force from the water moccasin.
You feel life coursing into your body.
You feel very sick. The water moccasin barely misses you.
Unknown command.
You feel protected.
You feel sick. The water moccasin closely misses you.
Your rat skeleton closely misses the water moccasin.
Unknown command.
You barely miss the water moccasin.
The water moccasin is moderately wounded.
You feel sick. The water moccasin closely misses you.
The water moccasin barely misses you.
You miss the water moccasin.
The water moccasin is moderately wounded.
You feel sick. The water moccasin barely misses you.
Your rat skeleton misses the water moccasin.
You hit the water moccasin.
You punch the water moccasin, but do no damage.
The water moccasin is moderately wounded.
You feel sick. The water moccasin bites you.
* * * LOW HITPOINT WARNING * * *
Your rat skeleton barely misses the water moccasin.
Your frilled lizard skeleton bites the worm.
The worm bites your river rat skeleton.
Your river rat skeleton bites the worm.
The water moccasin bites you!
You die...

#..........## #.
#....w......#
#.. ....≈ZZ.....
# #.#
...≈≈≈≈≈...# .##
#..
...≈≈∩≈≈...##...
#..
...≈≈≈≈≈.......#
#.
....≈≈≈.S...#..#
#
.......@Z.......
##
..........####.
#. .#.....†....#
......#.##..#
...####.# #..#
..[#.# ##...#
.... .. .###.
#..### .... #.#
..... ##.## ##.
..# ..#..##..###
..##..###


You could see a water moccasin (ally target), a worm (ally target), a friendly
frilled lizard skeleton, a friendly rat skeleton and a friendly river rat
skeleton.

Vanquished Creatures
  5 adders
  A river rat (D:3)
  A worm (D:2)
  A dart slug (D:2)
  An orc (D:3)
  5 ball pythons
  6 bats
  5 endoplasms
  2 giant cockroaches
  8 goblins
  5 hobgoblins
  5 jackals
  4 kobolds
  3 quokkas
  6 frilled lizards
  7 rats
65 creatures vanquished.

Vanquished Creatures (collateral kills)
  A river rat (D:3)
  A giant cockroach (D:3)
  A jackal (D:1)
  A frilled lizard (D:1)
4 creatures vanquished.

Grand Total: 69 creatures vanquished

Notes
Turn   | Place    | Note
-------+----------+-------------------------------------------
     0 | D:1      | ZappyNine the Deep Elf Necromancer began the quest for the
                  | Orb.
     0 | D:1      | Reached XP level 1. HP: 10/10 MP: 6/6
   190 | D:1      | Found a faded altar of an unknown god.
   201 | D:1      | Reached skill level 5 in Necromancy
   431 | D:1      | Reached XP level 2. HP: 15/15 MP: 4/8
  1046 | D:1      | Reached XP level 3. HP: 19/19 MP: 10/10
  1050 | D:1      | Learned a level 3 spell: Vampiric Draining
  2623 | D:2      | Reached XP level 4. HP: 14/24 MP: 4/12
  3091 | D:3      | Reached skill level 6 in Necromancy
  3109 | D:3      | Reached skill level 5 in Spellcasting
  3396 | D:3      | Found Beup's Jewellery Shop.
  3465 | D:3      | Found a glowing drain.
  3477 | D:3      | Reached XP level 5. HP: 25/28 MP: 6/14
  3478 | D:3      | Noticed a water moccasin
  3487 | D:3      | Slain by a water moccasin

Illustrated notes

Levels and vault maps discovered:
D:1:      dpeg_arrival_long_road, layout_basic, dreamdust_ecumenical_altar_grove
D:2:      layout_basic
D:3:      layout_rooms, portal_sewer_entry_a, serial_shops, shop,
          chequers_serial_rivers_micro_d, minmay_misc_feat_chi, hex_tiny,
          st_stairs_11, minmay_fractal_squares_5

Skill      XL: |  1  2  3  4 |
---------------+-------------+-----
Necromancy     | 5 6 |  6.4
Spellcasting   | 4 5 |  5.4
Dodging        | |  2.4
Stealth        | |  2.4

Action                   |  1- 3 |  4- 6 || total
-------------------------+-------+-------++-------
Melee: Dagger            |    24 |     5 ||    29
       Punch             |       |     1 ||     1
 Cast: Necrotize         |    65 |    42 ||   107
       Vampiric Draining |     6 |     3 ||     9
  Use: Scroll            |       |     4 ||     4
       Potion            |       |     1 ||     1
 Stab: Sleeping          |     2 |       ||     2
Armor: Robe              |    12 |     9 ||    21
Dodge: Dodged            |    33 |    16 ||    49

Table legend: (Time is in decaauts)
 A = Elapsed time spent in this place.
 B = Non-inter-level travel time spent in this place.
 C = Inter-level travel time spent in this place.
 D = Time resting spent in this place.
 E = Time spent auto-exploring this place.
 F = Levels seen in this place.
 G = Mean time per level.
                   A        B        C        D        E       F      G
               +--------+--------+--------+--------+--------+-----+--------+
         Total |   3485 |   3355 |    130 |    493 |   2326 |   3 | 1161.7 |
       Dungeon |   3485 |   3355 |    130 |    493 |   2326 |   3 | 1161.7 |
               +--------+--------+--------+--------+--------+-----+--------+

Top non-repeatable levels by time:
     D:1: 1848 daAuts
     D:2: 1166 daAuts
     D:3: 470 daAuts
